 Dungeon Crawl Stone Soup version 0.23.2-1-ga50397a (webtiles) character file.

Game seed: 6459539864726813503

551 IBeShadow the Insei (level 7, 0/46 HPs)
             Began as an Octopode Transmuter on May 23, 2019.
             Slain by a gnoll
             ... wielding a +0 spear
              (11 damage)
             ... on level 4 of the Dungeon.
             The game lasted 00:07:38 (4439 turns).

IBeShadow the Insei (Octopode Transmuter)           Turns: 4439, Time: 00:07:39

Health: 0/46       AC:  1    Str: 10    XL:     7   Next: 29%
Magic:  10/10      EV: 13    Int: 17    God:
Gold:   161        SH:  0    Dex: 12    Spells: 7/10 levels left

rFire    . . .     SeeInvis .     - Unarmed
rCold    . . .     Gourm    .   (no shield)
rNeg     . . .     Faith    .   (helmet restricted)
rPois    .         Spirit   .   (no amulet)
rElec    .         Reflect  .   (no ring)
rCorr    .         Harm     .   (no ring)
MR       .....                  (no ring)
Stlth    +++.......             (no ring)
HPRegen  0.15/turn              (no ring)
MPRegen  0.12/turn              (no ring)
                                (no ring)
                                (no ring)

@: very slightly contaminated
A: almost no armour, stealthy swim, amphibious, 8 rings, constrict 8, camouflage
1, gelatinous body 1
a: no special abilities


You were on level 4 of the Dungeon.
You were not hungry.

You visited 1 branch of the dungeon, and saw 4 of its levels.

You collected 161 gold pieces.

Inventory:

Missiles
 a - 48 arrows
Wands
 t - a wand of flame (14)
Scrolls
 b - 5 scrolls of identify {unknown}
 e - a scroll of blinking {unknown}
 g - a scroll of fog {unknown}
 h - 2 scrolls of remove curse {unknown}
 i - a scroll of teleportation {unknown}
 n - 2 scrolls of immolation {unknown}
 o - a scroll of random uselessness {unknown}
 q - a scroll of noise {unknown}
 s - 2 scrolls of magic mapping {unknown}
Potions
 d - 2 potions of flight {unknown}
 f - a potion of resistance {unknown}
 j - a potion of heal wounds {unknown}
 k - 3 potions of degeneration {unknown}
 l - a potion of might {unknown}
 m - 2 potions of curing {unknown}
 p - a potion of lignification {unknown}
Comestibles
 c - 5 rations
 r - 7 chunks of flesh


   Skills:
 + Level 3.3 Fighting
 - Level 2.0 Dodging
 + Level 3.7 Stealth
 * Level 5.8 Unarmed Combat
 - Level 2.0 Spellcasting
 + Level 3.9 Transmutations


You had 7 spell levels left.
You knew the following spells:

 Your Spells              Type           Power        Failure   Level  Hunger
a - Beastly Appendage     Tmut           ###...       3%          1    #......
b - Sticks to Snakes      Tmut           ###.....     6%          2    ###....

Your spell library contained the following spells:

 Spells                   Type           Power        Failure   Level  Hunger
 Corona                   Hex            #......      19%         1    #......
 Spider Form              Tmut/Pois      #.........   26%         3    ###....
 Ensorcelled Hibernation  Hex/Ice        #.....       28%         2    ###....
 Confuse                  Hex            #.......     50%         3    ###....
 Dazzling Spray           Conj/Hex       #.....       50%         3    ###....
 Tukima's Dance           Hex            #.......     50%         3    ###....
 Ice Form                 Ice/Tmut       #.......     65%         4    #####..
 Blade Hands              Tmut           ###.......   71%         5    ######.


Dungeon Overview and Level Annotations

Branches:
Dungeon (4/15)
 Temple: D:4-7

Altars:


Innate Abilities, Weirdness & Mutations

You cannot wear most types of armour.
You are very stealthy in the water. (Stealth+)
You are amphibious.
You can wear up to eight rings at the same time.
You can use your tentacles to constrict eight enemies at once.
Your skin changes colour to match your surroundings (Stealth+).
Your rubbery body absorbs attacks. (AC +1, EV +1)


Message History

You barely miss the gnoll. You grab the gnoll.
The gnoll is moderately wounded.
You constrict the gnoll. The gnoll closely misses you.
You tentacle-slap the gnoll.
The gnoll is severely wounded.
You constrict the gnoll, but do no damage.
The gnoll closely misses you. x2
You barely miss the gnoll.
The gnoll is severely wounded.
You constrict the gnoll.
The gnoll hits you from afar with a +0 spear.
* * * LOW HITPOINT WARNING * * *
The gnoll hits you.
* * * LOW HITPOINT WARNING * * *
You tentacle-slap the gnoll but do no damage.
The gnoll is almost dead.
You constrict the gnoll.
You kill the gnoll!
The gnoll hits you from afar with a +0 spear!
You die...

#.......#.#
#.........#
#......#
.......#)#!#
......##.#.#
###### #)#.#
#g#.# #†#.#
#######@#.#
..........#
#######.###
#.....#
#.##### #.#
#.# . .##
#.# .. ...
#)# .#


You could see a gnoll.

Vanquished Creatures
  Grinder (D:3)
  A scorpion (D:4)
  A hound (D:3)
  A worker ant (D:3)
  Natasha (thrice) (D:3)
  4 adders
  3 gnolls (D:4)
  An ooze (D:3)
  An adder skeleton (D:4)
  3 worms
  6 dart slugs
  2 leopard geckos
  18 orcs
  6 giant cockroaches
  8 goblins
  6 hobgoblins
  5 jackals
  7 kobolds
  A quokka (D:3)
  A ball python (D:4)
  10 bats
  5 frilled lizards
  3 rats
97 creatures vanquished.

Vanquished Creatures (collateral kills)
  An adder (D:3)
  2 orcs (D:3)
3 creatures vanquished.

Grand Total: 100 creatures vanquished

Notes
Turn   | Place    | Note
-------+----------+-------------------------------------------
     0 | D:1      | IBeShadow the Octopode Transmuter began the quest for the
                  | Orb.
     0 | D:1      | Reached XP level 1. HP: 13/13 MP: 3/3
   211 | D:1      | Reached XP level 2. HP: 17/18 MP: 5/5
   454 | D:1      | Reached XP level 3. HP: 16/23 MP: 6/6
  1065 | D:2      | Learned a level 2 spell: Sticks to Snakes
  1581 | D:2      | Reached skill level 4 in Unarmed Combat
  1764 | D:3      | Reached XP level 4. HP: 29/29 MP: 7/7
  2120 | D:3      | Noticed Natasha
  2130 | D:3      | Killed Natasha
  2130 | D:3      | Reached skill level 1 in Stealth
  2130 | D:3      | Reached XP level 5. HP: 18/34 MP: 8/8
  2565 | D:3      | Noticed Natasha
  2572 | D:3      | Killed Natasha
  3109 | D:3      | Noticed Grinder
  3184 | D:3      | Noticed Natasha
  3189 | D:3      | Killed Natasha
  3189 | D:3      | Reached XP level 6. HP: 18/41 MP: 9/9
  3443 | D:3      | Killed Grinder
  3443 | D:3      | Reached skill level 5 in Unarmed Combat
  4230 | D:4      | Reached XP level 7. HP: 39/46 MP: 8/10
  4439 | D:4      | Slain by a gnoll

Skill      XL: |  1  2  3  4  5  6 |
---------------+-------------------+-----
Unarmed Combat | 4 5 |  5.8
Fighting       | 2 3 |  3.3
Stealth        | 1 2 3 |  3.7
Transmutations | 3 |  3.9
Dodging        | |  2.0
Spellcasting   | |  2.0

Action                   |  1- 3 |  4- 6 |  7- 9 || total
-------------------------+-------+-------+-------++-------
Melee: Unarmed           |    96 |   111 |    41 ||   248
       Constrict         |    25 |    27 |    15 ||    67
       Tentacles         |    15 |    19 |     5 ||    39
       Punch             |     2 |     6 |     3 ||    11
       Kick              |       |     9 |       ||     9
 Cast: Sticks to Snakes  |       |     8 |       ||     8
       Beastly Appendage |       |     3 |       ||     3
 Stab: Sleeping          |    11 |     4 |     1 ||    16
       Distracted        |       |       |     3 ||     3
  Eat: Chunk             |     3 |     7 |     2 ||    12
Armor: Skin              |    12 |    11 |     2 ||    25
Dodge: Dodged            |    63 |    60 |    28 ||   151
